 Dungeon Crawl Stone Soup version 0.13.0-65-g2bb7898 (webtiles) character file.

1731 Chiseanne the Shield-Bearer (level 8, -11/61 HPs)
             Began as a Demonspawn Fighter on Nov 23, 2013.
             Was a Follower of Makhleb.
             Mangled by an ice beast (13 damage)
             ... on Level 6 of the Dungeon.
             The game lasted 00:19:35 (5259 turns).

Chiseanne the Shield-Bearer (Demonspawn Fighter)    Turns: 5259, Time: 00:19:35

HP -11/61        AC  7     Str 17      XL: 8   Next: 37%
MP   8/8         EV 13     Int  9      God: Makhleb [*.....]
Gold 373         SH 20     Dex 20      Spells:  0 memorised,  8 levels left

Res.Fire  : . . .   See Invis. : +   a - +2,+3 dwarf war axe
Res.Cold  : . . .   Warding    : .   k - +0 elf ring mail
Life Prot.: . . .   Conserve   : .   c - +0 shield
Res.Poison: .       Res.Corr.  : .   l - +0 dwarf helmet
Res.Elec. : .       Clarity    : +   (no cloak)
Sust.Abil.: . .     Spirit.Shd : .   (no gloves)
Res.Mut.  : .       Stasis     : .   (no boots)
Res.Rott. : .       Flight     : .   e - amulet of clarity
Saprovore : + . .                    (no ring)
                                     g - ring of see invisible

@: agile, heavily drained, slightly resistant to hostile enchantments, fairly
stealthy
A: hooves 1, saprovore 1
a: Renounce Religion


You were on level 6 of the Dungeon.
You worshipped Makhleb.
Makhleb was aware of your devotion.
You were not hungry.

You visited 1 branch of the dungeon, and saw 6 of its levels.

You collected 353 gold pieces.

Inventory:

Hand weapons
 a - a +2,+3 dwarven war axe (weapon)
 q - a +2,+2 flail of holy wrath
 s - a +4,+2 elven dagger of venom
 v - a +0,+2 orcish dagger of draining
Missiles
 o - 5 javelins (quivered)
Armour
 c - a +0 shield (worn)
 k - a +0 elven ring mail (worn)
 l - a +0 dwarven helmet (worn)
Comestibles
 b - 3 meat rations
 d - 4 bread rations
 m - 2 apples
Scrolls
 h - 2 scrolls of recharging
 n - 2 scrolls of identify
 p - a scroll of magic mapping
Jewellery
 e - an amulet of clarity (around neck)
 g - a ring of see invisible (left hand)
 i - an uncursed amulet of the gourmand
Potions
 r - a potion of might
 w - a potion of restore abilities
Books
 t - a book of Dreams

   Spells                             Type                      Level
   Ensorcelled Hibernation            Hexes/Ice                    2
   Flight                             Charms/Air                   3
   Phase Shift                        Translocation                5
   Shadow Creatures                   Summoning                    5
   Mass Confusion                     Hexes                        6
   Darkness                           Hexes                        7


   Skills:
 * Level 4.7(3.4) Fighting
 * Level 1.6(0.4) Short Blades
 * Level 4.4(3.1) Axes
 * Level 5.0(3.7) Armour
 * Level 3.7(2.5) Dodging
 * Level 5.1(3.8) Shields
 * Level 0.5(0.0) Spellcasting


You had 8 spell levels left.
You didn't know any spells.

Dungeon Overview and Level Annotations

Branches:
Dungeon (6/27)
 Temple: D:4-7          Orc: D:6-11

Altars:
Cheibriados
Makhleb
Nemelex Xobeh
Yredelemnul


Innate Abilities, Weirdness & Mutations

You have large cloven feet.
You can tolerate rotten meat.


Message History

You feel better. The wight hits you with a battleaxe!
* * * LOW HITPOINT WARNING * * *
You feel drained.
* * * LOW HITPOINT WARNING * * *
Drink which item? (? for menu, Esc to quit)
You feel more agile all of a sudden. The wight closely misses you.
Drink which item? (? for menu, Esc to quit)
Okay, then.
Read which item? (? for menu, Esc to quit)
As you read the scroll of teleportation, it crumbles to dust.
You feel strangely unstable. You block the wight's attack.
The wight hits you but does no damage.
Your surroundings suddenly seem different.
Found a meat ration.
An ice beast comes into view.
You barely miss the ice beast. The ice beast hits you.
* * * LOW HITPOINT WARNING * * *
The ice beast freezes you!
You die...

.. ##.#.#.##
......z). #
##.#.#.## .# ..
# #.## ## #
#...### #.##
#.##.###........
..##
#......@I...#
#.##
%..##.......##
#.## #########
#.## ##.## ..##
#.## #<## #.#
#.#


You could see an ice beast.

Vanquished Creatures
  Grinder (D:3)
  Edmund (D:4)
  An ogre (D:4)
  2 phantoms
  Duvessa (D:4)
  A centaur (D:5)
  A wight (D:6)
  Dowan (D:4)
  2 hounds
  An iguana (D:5)
  2 crimson imps (D:5)
  3 scorpions
  2 orc wizards (D:5)
  3 worker ants
  Terence (D:2)
  3 gnolls (D:2)
  6 adders
  2 worms
  A giant gecko (D:5)
  7 orcs
  2 ball pythons
  2 bat skeletons
  A bat zombie (D:5)
  A giant cockroach (D:3)
  11 goblins
  8 hobgoblins
  7 kobolds
  4 quokkas
  9 bats
  9 giant newts
  A goblin zombie (D:5)
  A hobgoblin skeleton (D:4)
  A jackal skeleton (D:4)
  An orc skeleton (D:5)
  16 rats
116 creatures vanquished.

Notes
Turn   | Place    | Note
--------------------------------------------------------------
     0 | D:1      | Chiseanne, the Demonspawn Fighter, began the quest for the Orb.
     0 | D:1      | Reached XP level 1. HP: 18/18 MP: 0/0
   202 | D:1      | Gained mutation: You can tolerate rotten meat. [demonic ancestry]
   202 | D:1      | Reached XP level 2. HP: 24/24 MP: 1/1
   962 | D:2      | Reached XP level 3. HP: 27/30 MP: 2/2
  1004 | D:2      | Found a sparkling altar of Nemelex Xobeh.
  1348 | D:2      | Reached skill level 1 in Dodging
  1359 | D:2      | Reached XP level 4. HP: 19/36 MP: 3/3
  1579 | D:2      | Noticed Terence
  1594 | D:2      | Killed Terence
  2047 | D:3      | Noticed a phantom
  2092 | D:3      | Killed a phantom
  2092 | D:3      | Gained mutation: You have large cloven feet. [demonic ancestry]
  2092 | D:3      | Reached XP level 5. HP: 18/42 MP: 4/4
  2262 | D:3      | Noticed Grinder
  2276 | D:3      | Paralysed by Grinder for 5 turns
  2290 | D:3      | Paralysed by Grinder for 4 turns
  2612 | D:3      | Paralysed by Grinder for 2 turns
  2620 | D:3      | Paralysed by Grinder for 3 turns
  2627 | D:3      | Killed Grinder
  2627 | D:3      | Reached skill level 4 in Fighting
  2627 | D:3      | Reached XP level 6. HP: 29/49 MP: 5/5
  3122 | D:4      | Reached XP level 7. HP: 41/54 MP: 6/6
  3549 | D:4      | Noticed Duvessa
  3551 | D:4      | Noticed Dowan
  3566 | D:4      | Killed Duvessa
  3572 | D:4      | Killed Dowan
  3574 | D:4      | HP: 2/54 [poisoned by Dowan]
  4154 | D:4      | Noticed Edmund
  4166 | D:4      | Killed Edmund
  4304 | D:4      | Reached skill level 1 in Short Blades
  4329 | D:4      | Found a snail-covered altar of Cheibriados.
  4391 | D:4      | Reached XP level 8. HP: 58/61 MP: 7/7
  4506 | D:4      | Found a basalt altar of Yredelemnul.
  4506 | D:4      | Found a burning altar of Makhleb.
  4511 | D:4      | Became a worshipper of Makhleb the Destroyer
  4652 | D:5      | Entered Level 5 of the Dungeon
  4926 | D:5      | Reached skill level 5 in Armour
  5029 | D:5      | Acquired Makhleb's first power
  5037 | D:5      | Reached skill level 5 in Shields
  5252 | D:6      | HP: 3/61 [wight/battleaxe (2)]
  5259 | D:6      | HP: 2/61 [ice beast (3)]
  5259 | D:6      | Mangled by an ice beast

Action                   |  1- 3 |  4- 6 |  7- 9 || total
-------------------------+-------+-------+-------++-------
Melee: Hand axe          |    74 |       |       ||    74
       War axe           |    60 |   113 |   132 ||   305
       Dagger            |       |       |    56 ||    56
Evoke: Wand              |       |     8 |     1 ||     9
  Use: Scroll            |     2 |     7 |     8 ||    17
       Potion            |     2 |     2 |     5 ||     9
